 Dungeon Crawl Stone Soup version 0.27.0-1-g7a089689b8 (webtiles) character file.

Game seed: 10242788131882606240

49 nightchill the Skirmisher (level 3, -1/29 HPs)
             Began as a Demonspawn Abyssal Knight on Aug 9, 2021.
             Was a Believer of Lugonu.
             Slain by a goblin (2 damage)
             ... led by Robin
             ... on level 2 of the Dungeon.
             The game lasted 00:04:38 (2248 turns).

nightchill the Skirmisher (DsAK)                    Turns: 2248, Time: 00:04:38

Health: -1/29      AC:  3    Str: 13    XL:     3   Next: 53%
Magic:  5/5        EV: 11    Int: 13    God:    Lugonu [**....]
Gold:   73         SH:  0    Dex: 12    Spells: 2/2 levels left

rFire    . . .     SeeInvis .     - Unarmed
rCold    . . .     Faith    .   (no shield)
rNeg     . . .     Spirit   .   a - +0 leather armour
rPois    .         Reflect  .   (no helmet)
rElec    .         Harm     .   (no cloak)
rCorr    .         Rampage  .   (no gloves)
Will     .....                  (no boots)
Stlth    +.........             (no amulet)
HPRegen  0.09/turn              (no ring)
MPRegen  0.09/turn              (no ring)

@: no status effects
A: demonic guardian 1
a: Renounce Religion, Depart the Abyss, Bend Space


You were on level 2 of the Dungeon.
You worshipped Lugonu.
Lugonu was pleased with you.
You visited 1 branch of the dungeon, and saw 2 of its levels.
You visited the Abyss 1 time.

You collected 73 gold pieces.

Inventory:

Missiles
 b - 34 poisoned darts
Armour
 a - a +0 leather armour (worn)
 e - a +0 leather armour
Jewellery
 h - a ring of ice
Scrolls
 c - a scroll of silence {unknown}
 d - 2 scrolls of identify {unknown}
 f - a scroll of teleportation {unknown}
Potions
 g - 2 potions of might {unknown}


   Skills:
 + Level 3.4 Fighting
 - Level 1.7 Armour
 - Level 0.8 Dodging
 * Level 2.8 Unarmed Combat
 + Level 3.3 Invocations


You had 2 spell levels left.
You didn't know any spells.
Your spell library contained the following spells:

 Spells                   Type           Power      Damage    Failure   Level
 Inner Flame              Hex/Fire       0%         N/A       75%         3
 Cause Fear               Hex            0%         N/A       98%         4
 Discord                  Hex            0%         N/A       100%        8


Dungeon Overview and Level Annotations

Branches:
Dungeon (2/15)

Altars:

Annotations:
D:2 Robin


Innate Abilities, Weirdness & Mutations

A weak demonic guardian rushes to your aid.


Message History

The goblin is heavily wounded.
The goblin barely misses you. The hobgoblin barely misses you.
You hit the goblin.
You kill the goblin!
Lugonu accepts your kill. The hobgoblin barely misses you.
Robin throws the goblin at you!
You barely miss the hobgoblin.
The hobgoblin is almost dead.
The goblin hits you with a +0 club. The hobgoblin closely misses you.
You barely miss the hobgoblin. You punch the hobgoblin.
You kill the hobgoblin!
Lugonu accepts your kill. The goblin hits you with a +0 club.
Robin hits you with a +0 club.
Items here: ( )) †.
You hit Robin.
Robin is lightly wounded.
Robin hits you with a +0 club. The goblin closely misses you.
You closely miss Robin.
Robin is lightly wounded.
Robin hits you with a +0 club.
* * * LOW HITPOINT WARNING * * *
The goblin barely misses you.
You hit Robin but do no damage.
Robin is lightly wounded.
Robin says, "A pitiful Demonspawn like you will never find the ORB!"
Robin hits you with a +0 club.
* * * LOW HITPOINT WARNING * * *
The goblin barely misses you.
You hit Robin but do no damage.
Robin is lightly wounded.
Robin closely misses you. The goblin hits you with a +0 club.
* * * LOW HITPOINT WARNING * * *
A demonic guardian appears!
You barely miss Robin.
Robin is lightly wounded.
Robin hits you with a +0 club.
* * * LOW HITPOINT WARNING * * *
The goblin hits you with a +0 club.
You die...

.#.....####### #.#
.####### #.# .#
#.##############
.#####
#.............<#
.....#
################
.###.#
#...g.gg......#
.###.# ######
#5###########.#
.....# #....# #g#
#.# >....# #....#
#@# #.# .....#
#....# #g# #g#
.....###....####)#
#g#
.....)..†........#
#.#
....####....######
#)# ....# #....#
#.# ....# ######
#.# ....# #g#
....# #.#


You could see Robin (ally target), a goblin (strong) and a friendly white imp
(summoned).

Vanquished Creatures
  A dart slug (D:2)
  4 bats
  2 endoplasms (D:1)
  7 goblins
  4 hobgoblins
  6 jackals (D:1)
  3 kobolds
  3 quokkas (D:1)
  4 ball pythons
  2 frilled lizards
  3 rats
39 creatures vanquished.

Vanquished Creatures (collateral kills)
  A goblin (D:1)
1 creature vanquished.

Vanquished Creatures (others)
  A plant (D:1)
1 creature vanquished.

Grand Total: 41 creatures vanquished

Notes
Turn   | Place    | Note
-------+----------+-------------------------------------------
     0 | Abyss:1  | nightchill the Demonspawn Abyssal Knight began the quest
                  | for the Orb.
     0 | Abyss:1  | Reached XP level 1. HP: 18/18 MP: 2/2
     2 | Abyss:1  | Found a corrupted altar of Lugonu.
     7 | D:1      | Escaped the Abyss
   200 | D:1      | Gained mutation: A weak demonic guardian rushes to your
                  | aid. [demonic ancestry]
   200 | D:1      | Reached XP level 2. HP: 9/24 MP: 4/4
  1226 | D:1      | Reached ** piety under Lugonu
  1353 | D:1      | Found a faded altar of an unknown god.
  1403 | D:1      | Reached XP level 3. HP: 28/29 MP: 5/5
  2209 | D:2      | Noticed Robin
  2248 | D:2      | HP: 1/29 [Robin (2)]
  2248 | D:2      | Slain by a goblin

Illustrated notes

Levels and vault maps discovered:
D:1:      minmay_arrival_loop, layout_basic,
          shapermc_ecumenical_altar_mp_urbaneastern
D:2:      layout_basic, serial_shops, nicolae_shop_crystal, uniq_robin

Skill      XL: |  1  2 |
---------------+-------+-----
Unarmed Combat | 2 |  2.8
Invocations    | 3 |  3.3
Fighting       | |  3.4
Armour         | |  1.7
Dodging        | |  0.8

Action                   || total
-------------------------++-------
Melee: Unarmed           ||   179
       Punch             ||     2
Armor: Leather armour    ||    68
Dodge: Dodged            ||   134
